 Dungeon Sprint DCSS version 0.24.0-125-gc4c63601f3 (webtiles) character file.

Game seed: 328506505848186111, levelgen mode: deterministic

3906 Ponchio the Earth Mage (level 10, -1/63 HPs)
             Began as a Deep Elf Earth Elementalist on Feb 18, 2020.
             Slain by a yak (7 damage)
             ... in the Dungeon (Sprint II: "The Violet Keep of Menkaure").
             The game lasted 00:15:33 (1158 turns).

Ponchio the Earth Mage (DEEE)                       Turns: 1158, Time: 00:15:34

Health: -1/63      AC:  2    Str:  5    XL:     10   Next: 0%
Magic:  3/32       EV: 17    Int: 24    God:
Gold:   2          SH:  0    Dex: 15    Spells: 20/41 levels left

rFire    . . .     SeeInvis .   a - +0 dagger
rCold    . . .     Gourm    .   (no shield)
rNeg     . . .     Faith    .   c - +0 robe
rPois    .         Spirit   .   (no helmet)
rElec    .         Reflect  .   (no cloak)
rCorr    .         Harm     .   (no gloves)
MR       +....     NoTele   +   (no boots)
Stlth    ++........             (no amulet)
HPRegen  0.20/turn              (no ring)
MPRegen  0.23/turn              (no ring)

@: very slightly contaminated, slowed, very slow
A: no striking features
a: no special abilities


You were in the Dungeon.
You were not hungry.

You visited 1 branch You collected 972 gold pieces.
You spent 970 gold pieces at shops.

Inventory:

Hand Weapons
 a - a +0 dagger (weapon)
Armour
 c - a +0 robe (worn)
Potions
 b - a potion of curing
Comestibles
 d - a ration


   Skills:
 - Level 7.5 Fighting
 - Level 8.0 Dodging
 - Level 2.4 Stealth
 + Level 16.2 Spellcasting
 - Level 1.1 Transmutations
 * Level 16.8 Earth Magic


You had 20 spell levels left.
You knew the following spells:

 Your Spells              Type           Power        Failure   Level  Hunger
a - Sandblast             Erth           ######       0%          1    None
b - Passwall              Tmut/Erth      ######..     1%          2    None
c - Stone Arrow           Conj/Erth      ######       1%          3    None
d - Petrify               Tmut/Erth      ######..     1%          4    None
e - Lee's Rapid Deconstr  Erth           #######...   1%          5    #......
f - Iron Shot             Conj/Erth      ######....   14%         6    ####...

Your spell library contained the following spells:

 Spells                   Type           Power        Failure   Level  Hunger
 Leda's Liquefaction      Hex/Erth       ######....   1%          4    None
 Bolt of Magma            Conj/Fire/Erth #####.....   8%          5    #......
 Statue Form              Tmut/Erth      ######...    11%         6    ####...
 Shatter                  Erth           #######...   96%         9    #######


Dungeon Overview and Level Annotations

Branches:
Dungeon (1/1)

Altars:

Shops:
D =%:([!(*:=![!?*}

Annotations:
D exclusion: oklob plant


Message History

Reactivating autopickup.
The yak gores you!
* * * LOW HITPOINT WARNING * * *
The lindwurm bites you.
* * * LOW HITPOINT WARNING * * *
The lindwurm misses you. x2
Casting: Lee's Rapid Deconstruction (safe; 1% risk of failure)
Confirm with . or Enter, or press ? or * to list all spells.
Aiming: Iron Shot (quite dangerous; 22% risk of failure)
Press: ? - help, Shift-Dir - straight line, f - Kirke
Aim: Kirke (severely wounded)
The iron shot hits Kirke!!!
You kill Kirke!
The lindwurm disappears in a puff of smoke!
The sphinx disappears in a puff of smoke!
Your Spellcasting skill increases to level 16!
Your Earth Magic skill increases to level 16!
You have reached level 10!
The yak gores you!
You die...

≈○○≈°≈≈ ○≈≈○○○ c #
§≈≈≈§ zc.≈## SS≈○
############≈≈#+++#++
###########≈≈≈.÷(....
##........#≈≈≈≈.##+##
##...⌠....#≈≈≈≈##...#
##..@Y∩...#≈≈≈≈#..#..
##.∩Y∩.∩..#≈≈####.#.#
##∩.∩.∩.∩.#≈##.###'##
##.∩...§.∩#≈#..###.##
##∩.....∩.'≈'##.'.<)k
##.......∩#≈#.k###.##
#▓▓▓▓▓▓▓###≈##.###'##
##hhh######≈≈####.#.#
#(h$#F ##≈≈≈#..##.


You could see 2 hell hogs, a polar bear and 2 yaks.

Vanquished Creatures
  Kirke (D)
  A centaur warrior (D)
  A skeletal warrior (D)
  A kobold demonologist (D)
  4 neqoxecs (D)
  Menkaure (D)
  4 necrophages (D)
  4 worker ants (D)
  A hell rat (D)
  3 worms (D)
21 creatures vanquished.

Vanquished Creatures (others)
  A yak (D)
  A crocodile (D)
2 creatures vanquished.

Grand Total: 23 creatures vanquished

Notes
Turn   | Place    | Note
-------+----------+-------------------------------------------
     0 | D        | Ponchio the Deep Elf Earth Elementalist began the quest for
                  | the Orb.
     0 | D        | Reached XP level 1. HP: 10/10 MP: 6/6
     1 | D        | Noticed a neqoxec
    24 | D        | Reached skill level 5 in Earth Magic
    24 | D        | Reached XP level 2. HP: 15/15 MP: 5/9
    56 | D        | Killed a crocodile
    84 | D        | Reached skill level 5 in Spellcasting
    84 | D        | Reached XP level 3. HP: 17/19 MP: 4/12
    88 | D        | Learned a level 2 spell: Passwall
    92 | D        | Learned a level 3 spell: Stone Arrow
   175 | D        | Reached XP level 4. HP: 24/24 MP: 9/14
   189 | D        | Learned a level 4 spell: Petrify
   263 | D        | Noticed a necrophage
   263 | D        | Noticed a necrophage
   263 | D        | Noticed a necrophage
   263 | D        | Noticed a necrophage
   270 | D        | Killed a necrophage
   270 | D        | Reached skill level 10 in Earth Magic
   270 | D        | Reached XP level 5. HP: 28/28 MP: 13/18
   272 | D        | Killed a necrophage
   272 | D        | Reached XP level 6. HP: 32/32 MP: 11/20
   279 | D        | Learned a level 5 spell: Lee's Rapid Deconstruction
   330 | D        | Reached skill level 10 in Spellcasting
   357 | D        | Killed a neqoxec
   357 | D        | Reached skill level 5 in Fighting
   357 | D        | Reached skill level 5 in Dodging
   357 | D        | Reached XP level 7. HP: 44/44 MP: 11/23
   357 | D        | Killed a neqoxec
   359 | D        | Noticed a neqoxec
   360 | D        | Killed a neqoxec
   360 | D        | Noticed a neqoxec
   364 | D        | Killed a neqoxec
   394 | D        | Found Sezarhud's Assorted Antiques.
   394 | D        | Found Qudepsemn's Distillery.
   394 | D        | Found Tusustod's Jewellery Boutique.
   394 | D        | Found Imywkyfy's Distillery.
   394 | D        | Found Lucezihoc's Book Shop.
   395 | D        | Found Yvieful's Gadget Shop.
   395 | D        | Found Yczim's Antique Armour Shop.
   395 | D        | Found Xez Own's Assorted Antiques.
   396 | D        | Found Ysu Xidu's Magic Scroll Boutique.
   396 | D        | Found Pijuqiocia's Antique Weapon Shop.
   396 | D        | Found Dofixuez's Distillery.
   396 | D        | Noticed a polar bear
   435 | D        | Noticed Menkaure
   435 | D        | Noticed a hell hog
   444 | D        | Killed Menkaure
   444 | D        | Reached XP level 8. HP: 29/53 MP: 14/26
   588 | D        | Noticed a hell hog
   589 | D        | Found Egarid's Antique Armour Shop.
   589 | D        | Found Woduxzui's Antique Weapon Boutique.
   589 | D        | Noticed an oklob plant
   590 | D        | Found Montu's Food Shop.
   590 | D        | Found Lohuw's Jewellery Boutique.
   590 | D        | Found Juky's Book Shoppe.
   591 | D        | Noticed a polar bear
   596 | D        | Noticed a spiny frog
   601 | D        | Noticed a spiny frog
   612 | D        | Bought a book of the Earth for 910 gold pieces
   619 | D        | Learned a level 6 spell: Iron Shot
   645 | D        | Noticed Kirke
   645 | D        | Noticed a skeletal warrior
   645 | D        | Noticed a yaktaur captain
   645 | D        | Noticed a centaur warrior
   754 | D        | Noticed a kobold demonologist
   756 | D        | Killed a kobold demonologist
   862 | D        | Noticed an elephant
   917 | D        | Killed a centaur warrior
   917 | D        | Reached XP level 9. HP: 31/57 MP: 3/29
  1119 | D        | Killed a skeletal warrior
  1119 | D        | Reached skill level 15 in Spellcasting
  1119 | D        | Reached skill level 15 in Earth Magic
  1140 | D        | Noticed a lindwurm
  1157 | D        | Noticed a sphinx
  1157 | D        | Bought a potion of curing for 30 gold pieces
  1157 | D        | Bought a potion of curing for 30 gold pieces
  1158 | D        | Killed Kirke
  1158 | D        | Reached XP level 10. HP: 5/63 MP: 2/32
  1158 | D        | Slain by a yak

Levels and vault maps discovered:
D:        the_violet_keep_of_menkaure [sprint2_stairs_cluster_1,
          sprint2_shoproom, sprint2_temple, sprint2_basic_supplies,
          sprint2_obstacle_6, sprint2_obstacle_1, sprint2_obstacle_5,
          sprint2_obstacle_4, sprint2_obstacle_7, sprint2_timed_cluster_1,
          sprint2_smallroom_cluster_1, sprint2_smallroom_final_cluster_1,
          sprint2_transparent_cluster_1, sprint2_second_timed_cluster_1,
          sprint2_sniper_area_1, sprint2_heavy_combat_area_1,
          sprint2_mutation_trap_area_1, sprint2_forest_area_1,
          sprint2_light_combat_area_1, sprint2_behind_water_1,
          sprint2_near_end_vault_1]

Skill      XL: |  1  2  3  4  5  6  7  8  9 |
---------------+----------------------------+-----
Earth Magic    | 5 6 8 10 11 14 16 | 16.8
Spellcasting   | 4 5 6 9 11 12 14 16 | 16.2
Fighting       | 5 7 |  7.5
Dodging        | 5 8 |  8.0
Stealth        | |  2.4
Transmutations | |  1.1

Action                   |  1- 3 |  4- 6 |  7- 9 | 10-12 || total
-------------------------+-------+-------+-------+-------++-------
Melee: Dagger            |       |       |    11 |       ||    11
       Unarmed           |       |       |     7 |       ||     7
 Cast: Sandblast         |    19 |    10 |     1 |       ||    30
       Lee's Rapid Decon |       |     1 |    21 |       ||    22
       Iron Shot         |       |       |     1 |     1 ||     2
       Stone Arrow       |       |       |     1 |       ||     1
  Use: Potion            |     2 |       |     5 |       ||     7
       Scroll            |       |       |     1 |       ||     1
  Eat: Ration            |       |       |     1 |       ||     1
Armor: Robe              |       |       |     1 |       ||     1
Dodge: Dodged            |     4 |     1 |     8 |       ||    13
